DSL
DSL HOUSTON ASTROS @ DSL JACKSONVILLE BOMBERS
05/26/2042
 
TOP OF THE 1ST
DSL Houston Astros batting - Pitching for DSL Jacksonville Bombers : RHP Robinson Moreno
Pitching: RHP Robinson Moreno
Batting: RHB Dave Byers 0-0: Called Strike
0-1: Ball
1-1: Foul Ball, location: 2F
1-2: Ball
2-2: Ground out 5-3 (Groundball, 56, EV 80.6 MPH)
Batting: RHB Rob Wilson 0-0: Ball
1-0: Ball
2-0: Called Strike
2-1: Ball
3-1: Base on Balls
Batting: RHB Hugh Burns 0-0: Swinging Strike
0-1: Foul Ball, location: 2F
0-2: Foul Ball, location: 9LSF
0-2: Strikes out swinging
Batting: LHB Mario Ledesma 0-0: Ball
1-0: Called Strike
1-1: Swinging Strike
1-2: Strikes out swinging
Top of the 1st over - 0 runs, 0 hits, 0 errors, 1 left on base; DSL Houston 0 - DSL Jacksonville 0
BOTTOM OF THE 1ST
DSL Jacksonville Bombers batting - Pitching for DSL Houston Astros : RHP Rob Thompson
Pitching: RHP Rob Thompson
Batting: RHB Juan Miranda 0-0: Ball
1-0: Called Strike
1-1: Ball
2-1: Ball
3-1: Called Strike
3-2: Foul Ball, location: 9LSF
3-2: Base on Balls
Batting: SHB Tomás Rosário 0-0: Sac Bunt to 15S - play at first, batter OUT! 1-3
Juan Miranda to second
Batting: RHB José Castillo 0-0: Foul Ball, location: 2F
0-1: Swinging Strike
0-2: Ball
1-2: Foul Ball, location: 2F
1-2: Strikes out looking
Batting: LHB Freddy Abreu 0-0: Ball
1-0: Called Strike
1-1: Ball
2-1: Ball
3-1: Base on Balls
Batting: RHB Norberto Morales 0-0: Swinging Strike
0-1: Foul Ball, location: 2F
0-2: Foul Ball, location: 5F
0-2: Ball
1-2: Ball
2-2: Ball
3-2: Strikes out swinging
Bottom of the 1st over - 0 runs, 0 hits, 0 errors, 2 left on base; DSL Houston 0 - DSL Jacksonville 0
TOP OF THE 2ND
DSL Houston Astros batting - Pitching for DSL Jacksonville Bombers : RHP Robinson Moreno
Batting: RHB Gabe Hurt 0-0: Ball
1-0: Called Strike
1-1: Foul Ball, location: 2F
1-2: Strikes out looking
Batting: RHB Cliff Hoover 0-0: Ball
1-0: Foul Ball, location: 3F
1-1: Foul Ball, location: 5F
1-2: SINGLE (Groundball, 2L, EV 68.1 MPH) (infield hit)
Batting: RHB Jeff Brown 0-0: Ball
1-0: Called Strike
1-1: Called Strike
1-2: Ball
2-2: Ball
3-2: Strikes out swinging
Batting: SHB Joe Pratt 0-0: Ball
1-0: 2-RUN HOME RUN (Flyball, 78XD, EV 105.0 MPH), Distance : 416 ft
Batting: RHB Alfredo Pacheco 0-0: SOLO HOME RUN (Flyball, 7D, EV 96.9 MPH), Distance : 390 ft
Batting: RHB Dave Byers 0-0: Swinging Strike
0-1: Swinging Strike
0-2: Strikes out swinging
Top of the 2nd over - 3 runs, 3 hits, 0 errors, 0 left on base; DSL Houston 3 - DSL Jacksonville 0
BOTTOM OF THE 2ND
DSL Jacksonville Bombers batting - Pitching for DSL Houston Astros : RHP Rob Thompson
Batting: RHB Bernardo Muñóz 0-0: Called Strike
0-1: Called Strike
0-2: Strikes out swinging
Batting: RHB Jesús Valenzuela 0-0: Ground out 4-3 (Groundball, 4, EV 101.3 MPH)
Batting: RHB José González 0-0: Called Strike
0-1: Foul Ball, location: 5F
0-2: Ball
1-2: Ground out 5-3 (Groundball, 56S, EV 84.4 MPH)
Bottom of the 2nd over - 0 runs, 0 hits, 0 errors, 0 left on base; DSL Houston 3 - DSL Jacksonville 0
TOP OF THE 3RD
DSL Houston Astros batting - Pitching for DSL Jacksonville Bombers : RHP Robinson Moreno
Batting: RHB Rob Wilson 0-0: Called Strike
0-1: Called Strike
0-2: Strikes out swinging
Batting: RHB Hugh Burns 0-0: Ball
1-0: Called Strike
1-1: Foul Ball, location: 2LF
1-2: Ball
2-2: Ball
3-2: Foul Ball, location: 2RF
3-2: Strikes out swinging
Batting: LHB Mario Ledesma 0-0: Swinging Strike
0-1: Ball
1-1: Foul Ball, location: 7LDF
1-2: Ball
2-2: Ball
3-2: Base on Balls
Batting: RHB Gabe Hurt 0-0: Ball
1-0: Called Strike
1-1: Called Strike
1-2: Strikes out swinging
Top of the 3rd over - 0 runs, 0 hits, 0 errors, 1 left on base; DSL Houston 3 - DSL Jacksonville 0
BOTTOM OF THE 3RD
DSL Jacksonville Bombers batting - Pitching for DSL Houston Astros : RHP Rob Thompson
Batting: RHB Jim Unknown 0-0: Called Strike
0-1: Foul Ball, location: 2F
0-2: Strikes out looking
Batting: RHB Juan Miranda 0-0: Swinging Strike
0-1: Ground out 5-3 (Groundball, 56, EV 107.5 MPH)
Batting: SHB Tomás Rosário 0-0: Ground out 6-3 (Groundball, 6, EV 89.4 MPH)
Bottom of the 3rd over - 0 runs, 0 hits, 0 errors, 0 left on base; DSL Houston 3 - DSL Jacksonville 0
TOP OF THE 4TH
DSL Houston Astros batting - Pitching for DSL Jacksonville Bombers : RHP Robinson Moreno
Batting: RHB Cliff Hoover 0-0: Swinging Strike
0-1: Ball
1-1: Ball
2-1: Swinging Strike
2-2: Foul Ball, location: 7LSF
2-2: Strikes out looking
Batting: RHB Jeff Brown 0-0: Ball
1-0: Swinging Strike
1-1: Foul Ball, location: 3SF
1-2: Ball
2-2: Strikes out swinging
Batting: SHB Joe Pratt 0-0: Swinging Strike
0-1: Hit by Pitch
Batting: RHB Alfredo Pacheco 0-0: Ball
1-0: Ball
2-0: Called Strike
2-1: Swinging Strike
2-2: Ball
3-2: Base on Balls
Joe Pratt to second
Batting: RHB Dave Byers 0-0: Called Strike
0-1: Ball
1-1: Foul Ball, location: 23F
1-2: Strikes out swinging
Top of the 4th over - 0 runs, 0 hits, 0 errors, 2 left on base; DSL Houston 3 - DSL Jacksonville 0
BOTTOM OF THE 4TH
DSL Jacksonville Bombers batting - Pitching for DSL Houston Astros : RHP Rob Thompson
Batting: RHB José Castillo 0-0: Called Strike
0-1: Foul Ball, location: 23F
0-2: Fly out, F4 (Popup, 4D, EV 65.0 MPH)
Batting: LHB Freddy Abreu 0-0: Foul Ball, location: 2F
0-1: Fly out, F9 (Line Drive, 9, EV 86.9 MPH)
Batting: RHB Norberto Morales 0-0: Ball
1-0: DOUBLE (Line Drive, 7LS, EV 111.9 MPH)
Batting: RHB Bernardo Muñóz 0-0: Swinging Strike
0-1: Foul Ball, location: 3F
0-2: Foul Ball, location: 9LDF
0-2: Ball
1-2: Ball
Wild Pitch!
Norberto Morales to third
2-2: Ball
3-2: Strikes out looking
Bottom of the 4th over - 0 runs, 1 hit, 0 errors, 1 left on base; DSL Houston 3 - DSL Jacksonville 0
TOP OF THE 5TH
DSL Houston Astros batting - Pitching for DSL Jacksonville Bombers : RHP Robinson Moreno
Batting: RHB Rob Wilson 0-0: Swinging Strike
0-1: Ground out 6-3 (Groundball, 6M, EV 82.5 MPH)
Batting: RHB Hugh Burns 0-0: Ball
1-0: Foul Ball, location: 9LMF
1-1: Swinging Strike
1-2: Ball
2-2: Strikes out swinging
Batting: LHB Mario Ledesma 0-0: Ball
1-0: Ball
2-0: Ball
3-0: Base on Balls
Batting: RHB Gabe Hurt 0-0: Ball
1-0: Swinging Strike
1-1: Ball
2-1: Fly out, F9 (Flyball, 9D, EV 108.1 MPH)
Top of the 5th over - 0 runs, 0 hits, 0 errors, 1 left on base; DSL Houston 3 - DSL Jacksonville 0
BOTTOM OF THE 5TH
DSL Jacksonville Bombers batting - Pitching for DSL Houston Astros : RHP Rob Thompson
Batting: RHB Jesús Valenzuela 0-0: Fly out, F9 (Flyball, 9, EV 86.3 MPH)
Batting: RHB José González 0-0: Ball
1-0: Ball
2-0: Swinging Strike
2-1: Foul Ball, location: 2F
2-2: Strikes out swinging, 2-3 out at first.
Batting: RHB Jim Unknown 0-0: Called Strike
0-1: Ball
1-1: Fly out, F8 (Flyball, 8LD, EV 105.6 MPH)
Bottom of the 5th over - 0 runs, 0 hits, 0 errors, 0 left on base; DSL Houston 3 - DSL Jacksonville 0
TOP OF THE 6TH
DSL Houston Astros batting - Pitching for DSL Jacksonville Bombers : RHP Robinson Moreno
Batting: RHB Cliff Hoover 0-0: Ball
1-0: Called Strike
1-1: Foul Ball, location: 2F
1-2: Ball
2-2: Foul Ball, location: 9LSF
2-2: Strikes out looking
Batting: RHB Jeff Brown 0-0: Called Strike
0-1: Ball
1-1: DOUBLE (Line Drive, 7LM, EV 96.9 MPH)
Batting: SHB Joe Pratt 0-0: Foul Ball, location: 7LMF
0-1: Hit by Pitch
Pitching: RHP Ernesto Gonzáles
Batting: RHB Alfredo Pacheco 0-0: Ball
Jeff Brown steals 3rd base
1-0: Ball
2-0: Called Strike
2-1: Ball
3-1: Swinging Strike
3-2: Strikes out swinging
Batting: RHB Dave Byers 0-0: Swinging Strike
0-1: Ball
1-1: Foul Ball, location: 2F
1-2: Ball
2-2: Strikes out swinging
Top of the 6th over - 0 runs, 1 hit, 0 errors, 2 left on base; DSL Houston 3 - DSL Jacksonville 0
BOTTOM OF THE 6TH
DSL Jacksonville Bombers batting - Pitching for DSL Houston Astros : RHP Rob Thompson
Batting: RHB Juan Miranda 0-0: SINGLE (Groundball, 56, EV 103.1 MPH)
Batting: SHB Tomás Rosário 0-0: Ball
Juan Miranda steals 2nd base
1-0: Ball
2-0: Swinging Strike
2-1: Swinging Strike
2-2: Foul Ball, location: 2F
2-2: Ball
3-2: Strikes out swinging
Batting: RHB José Castillo 0-0: Ball
1-0: Ball
Juan Miranda steals 3rd base
2-0: Ball
3-0: Called Strike
3-1: Ground out 4-3 (Groundball, 4MD, EV 98.8 MPH)
Juan Miranda scores
Batting: LHB Freddy Abreu 0-0: Called Strike
0-1: Ball
1-1: Foul Ball, location: 5SF
1-2: Foul Ball, location: 7LMFF
1-2: Ball
2-2: Ball
3-2: Strikes out swinging
Bottom of the 6th over - 1 run, 1 hit, 0 errors, 0 left on base; DSL Houston 3 - DSL Jacksonville 1
TOP OF THE 7TH
DSL Houston Astros batting - Pitching for DSL Jacksonville Bombers : RHP Ernesto Gonzáles
Pinch Hitting: LHB Ed Benton 0-0: Ball
1-0: Ball
2-0: Called Strike
2-1: Foul Ball, location: 2F
2-2: Foul Ball, location: 3FF
2-2: Ground out 5-3 (Groundball, 5, EV 66.3 MPH)
Batting: RHB Hugh Burns 0-0: Ball
1-0: Ball
2-0: Ball
3-0: Called Strike
3-1: Foul Ball, location: 2F
3-2: Foul Ball, location: 2F
3-2: Foul Ball, location: 2F
3-2: Base on Balls
Batting: LHB Mario Ledesma 0-0: Called Strike
0-1: Foul Ball, location: 2F
0-2: Ball
1-2: Strikes out swinging
Pinch Hitting: SHB Derek Webb 0-0: Swinging Strike
0-1: Ball
1-1: Foul Ball, location: 3SF
1-2: Ball
2-2: Ball
3-2: Strikes out swinging
Top of the 7th over - 0 runs, 0 hits, 0 errors, 1 left on base; DSL Houston 3 - DSL Jacksonville 1
BOTTOM OF THE 7TH
DSL Jacksonville Bombers batting - Pitching for DSL Houston Astros : RHP Rob Thompson
Now at 1B: Juan Carlos Domínguez
Now in RF: Zach Davis
Batting: RHB Norberto Morales 0-0: SINGLE (Groundball, 6MD, EV 99.4 MPH)
Batting: SHB José Murillo
Batting: LHB Mario Medina 0-0: 2-RUN HOME RUN (Flyball, 7D, EV 96.9 MPH), Distance : 381 ft
Batting: RHB Jesús Valenzuela 0-0: Foul Ball, location: 2F
0-1: Called Strike
0-2: Ball
1-2: Ball
2-2: Foul Ball, location: 23F
2-2: Ball
3-2: Strikes out swinging
Batting: RHB José González 0-0: Hit by Pitch
Batting: RHB Jim Unknown 0-0: Foul Ball, location: 2F
0-1: Ball
1-1: Swinging Strike
1-2: Foul Ball, location: 2F
1-2: Foul Ball, location: 7LMF
1-2: Ball
2-2: Foul Ball, location: 3F
2-2: Strikes out swinging
Batting: RHB Juan Miranda 0-0: Swinging Strike
0-1: Called Strike
0-2: Foul Ball, location: 5F
0-2: Strikes out swinging, 2-3 out at first.
Bottom of the 7th over - 2 runs, 2 hits, 0 errors, 1 left on base; DSL Houston 3 - DSL Jacksonville 3
TOP OF THE 8TH
DSL Houston Astros batting - Pitching for DSL Jacksonville Bombers : RHP Ernesto Gonzáles
Pinch Hitting: SHB Cris Núñez 0-0: Ball
1-0: Ball
2-0: Foul Ball, location: 7LSF
2-1: Foul Ball, location: 3FF
2-2: Foul Ball, location: 2F
2-2: Ground out U3 (Groundball, 3S, EV 80.0 MPH)
Pinch Hitting: LHB Jon Burton 0-0: Hit by Pitch
Batting: SHB Joe Pratt 0-0: Swinging Strike
0-1: Ball
1-1: Ball
2-1: Ball
3-1: Swinging Strike
3-2: Strikes out looking
Pinch Hitting: LHB Jorge Ramos 0-0: Foul Ball, location: 2LF
0-1: Ball
Jon Burton steals 2nd base
1-1: Foul Ball, location: 3F
1-2: Ball
2-2: Strikes out swinging
Top of the 8th over - 0 runs, 0 hits, 0 errors, 1 left on base; DSL Houston 3 - DSL Jacksonville 3
BOTTOM OF THE 8TH
DSL Jacksonville Bombers batting - Pitching for DSL Houston Astros : RHP Rob Thompson
Now at 2B: Cris Núñez
Now at 3B: Robbie Ashe
Now in LF: Jorge Ramos
Batting: SHB Tomás Rosário 0-0: Ball
1-0: Foul Ball, location: 2F
1-1: Foul Ball, location: 3F
1-2: Ball
2-2: Ball
3-2: Fly out, F8 (Flyball, 8RD, EV 97.5 MPH)
Pitching: RHP Luis Rivera
Pinch Hitting: RHB Jim Unknown 0-0: Called Strike
0-1: Called Strike
0-2: Ball
1-2: Strikes out swinging
Batting: LHB Freddy Abreu 0-0: Foul Ball, location: 2F
0-1: Called Strike
0-2: Strikes out swinging
Bottom of the 8th over - 0 runs, 0 hits, 0 errors, 0 left on base; DSL Houston 3 - DSL Jacksonville 3
TOP OF THE 9TH
DSL Houston Astros batting - Pitching for DSL Jacksonville Bombers : RHP Ernesto Gonzáles
Pitching: RHP Víctor Ybarra
Now in RF: Jim Unknown
Batting: RHB Dave Byers 0-0: Foul Ball, location: 9LDF
0-1: Ball
1-1: Ground out 5-3 (Groundball, 5, EV 83.1 MPH)
Pinch Hitting: RHB Jerry White 0-0: Called Strike
0-1: Ball
1-1: Foul Ball, location: 2F
1-2: SOLO HOME RUN (Flyball, 7D, EV 98.1 MPH), Distance : 388 ft
Batting: RHB Hugh Burns 0-0: Ball
1-0: Ball
2-0: Called Strike
2-1: Ball
3-1: Called Strike
3-2: Foul Ball, location: 25F
3-2: Base on Balls
Batting: LHB Mario Ledesma 0-0: Called Strike
0-1: Called Strike
0-2: Ball
1-2: Strikes out swinging
Pinch Hitting: RHB Jesús Hernández 0-0: Ball
1-0: Called Strike
1-1: Foul Ball, location: 2F
1-2: Foul Ball, location: 2F
1-2: Ball
2-2: Ball
3-2: Base on Balls
Hugh Burns to second
Batting: SHB Cris Núñez 0-0: Ball
1-0: Ball
2-0: Ball
3-0: Called Strike
3-1: Base on Balls
Hugh Burns to third
Jesús Hernández to second
Batting: LHB Robbie Ashe 0-0: Ball
1-0: Called Strike
1-1: Ground out 6-3 (Groundball, P, EV 80.6 MPH)
Top of the 9th over - 1 run, 1 hit, 0 errors, 3 left on base; DSL Houston 4 - DSL Jacksonville 3
BOTTOM OF THE 9TH
DSL Jacksonville Bombers batting - Pitching for DSL Houston Astros : RHP Luis Rivera
Pitching: RHP Ed Fowler
Now at 1B: Whit Smith
Now in LF: Greg Shelton
Now in RF: Jorge Ramos
Batting: RHB Norberto Morales 0-0: Swinging Strike
0-1: Ground out 6-3 (Groundball, 56, EV 88.8 MPH)
Batting: LHB Mario Medina 0-0: Ball
1-0: Ball
2-0: Hit by Pitch
Pinch Hitting: RHB Jim Unknown 0-0: Ball
1-0: Called Strike
1-1: Foul Ball, location: 25FF
1-2: Strikes out swinging
Pinch Hitting: RHB Jim Unknown 0-0: Ball
1-0: Called Strike
1-1: Ball
2-1: Foul Ball, location: 7LDF
2-2: Ball
3-2: Base on Balls
Mario Medina to second
Batting: RHB Jim Unknown 0-0: Ball
1-0: Called Strike
1-1: Ball
2-1: Foul Ball, location: 2F
2-2: Foul Ball, location: 2F
2-2: Foul Ball, location: 5F
2-2: Strikes out swinging
Bottom of the 9th over - 0 runs, 0 hits, 0 errors, 2 left on base; DSL Houston 4 - DSL Jacksonville 3
Friday, May 3rd , 2024 - OOTP Baseball 24.10 Build 82